 Dungeon Crawl Stone Soup version 0.17.1-3-g152610e (webtiles) character file.

41421 Charly the Severer (level 13, -6/102 HPs)
             Began as a Deep Dwarf Gladiator on May 3, 2016.
             Was the Champion of Makhleb.
             Killed from afar by a thorn hunter (34 damage)
             ... with a volley of thorns
             ... on level 3 of the Swamp.
             The game lasted 01:39:16 (4393 turns).

Charly the Severer (Deep Dwarf Gladiator)           Turns: 4393, Time: 01:39:16

Health: -6/102     AC: 25    Str: 26    XL:     13   Next: 79%
Magic:  7/7        EV: 12    Int: 11    God:    Makhleb [******]
Gold:   614        SH:  0    Dex: 20    Spells: 0 memorised, 12 levels left

rFire  . . .     SeeInvis .     a - +2 executioner's axe (freeze)
rCold  + + .     Clarity  +     r - +1 plate armour {rC+}
rNeg   . . .     SustAt   .     (shield currently unavailable)
rPois  .         Gourm    .     q - +1 helmet
rElec  .         Spirit   .     g - +0 cloak
rCorr  .         Warding  .     B - +2 pair of gloves
rMut   .         Stasis   .     s - +0 pair of boots "Igun" {Str+4 Dex+3}
MR     +....                    (no amulet)
Stlth  ..........               w - +3 ring of protection
                                c - ring of protection from cold

@: non-regenerating, somewhat resistant to hostile enchantments, extremely
unstealthy
A: damage resistance, recharge devices, clarity, clever 1, frail 1, sense
surroundings 2, slow regeneration 3, strong 1
a: Device Recharging, Minor Destruction, Lesser Servant of Makhleb, Major
Destruction, Greater Servant of Makhleb, Renounce Religion


You were on level 3 of the Swamp.
You worshipped Makhleb.
Makhleb was exalted by your worship.
You were near starving.

You visited 5 branches of the dungeon, and saw 27 of its levels.
You also visited: Ossuary and Ice Cave.

You collected 614 gold pieces.

Inventory:

Hand Weapons
 a - a +2 executioner's axe of freezing (weapon)
 b - the +8 demon whip of Disarray {pain, rElec rC+}
   (You found it in an ice cave)

   In the hands of one skilled in necromantic magic, it inflicts extra damage on
   living creatures.
   It protects you from cold.
   It insulates you from electricity.
 p - the +8 battleaxe "Hurawoosch" {pain, MP+9 Str+2 Int+5}
   (You found it on level 8 of the Lair of Beasts)

   In the hands of one skilled in necromantic magic, it inflicts extra damage on
   living creatures.
   It affects your strength (+2).
   It affects your intelligence (+5).
   It affects your magic capacity (+9).
Armour
 g - a +0 cloak (worn)
 q - a +1 helmet (worn)
 r - a +1 plate armour of cold resistance (worn)
 s - the +0 pair of boots "Igun" (worn) {Str+4 Dex+3}
   (You acquired it on level 8 of the Lair of Beasts)

   It affects your strength (+4).
   It affects your dexterity (+3).
 B - a +2 pair of gloves (worn)
Magical Staves
 k - an uncursed staff of air
 A - an uncursed staff of fire
Jewellery
 c - a ring of protection from cold (left hand)
 o - an uncursed ring of stealth
 t - an uncursed ring of teleportation
 w - a +3 ring of protection (right hand)
 C - an uncursed ring of flight
Wands
 e - a wand of heal wounds (4)
 h - a wand of magic darts (26)
 H - a wand of disintegration (0)
Scrolls
 y - a scroll of enchant armour
 z - a scroll of amnesia
 K - a scroll of fear
Potions
 i - 3 potions of lignification
 l - a potion of flight
 n - a potion of agility
 u - 2 potions of cancellation
 v - a potion of haste
 D - a potion of curing
 E - a potion of invisibility {unknown}
 F - 5 potions of brilliance
Miscellaneous
 d - a lamp of fire (inert)
 f - a sack of spiders
 m - a box of beasts
Comestibles
 j - 4 meat rations
 x - 6 bread rations


   Skills:
 + Level 6.8 Fighting
 * Level 20.5 Axes
 - Level 1.7 Throwing
 - Level 7.9 Armour
 - Level 7.1 Dodging
 - Level 6.6 Invocations
 + Level 2.4 Evocations


You had 12 spell levels left.
You didn't know any spells.

Dungeon Overview and Level Annotations

Branches:
Dungeon (14/15)            Temple (1/1) D:6            Lair (8/8) D:8
  Swamp (3/4) Lair:4       Spider (1/4) Lair:4       Vaults (0/5) D:13
  Slime: Lair:6-8       Orc: D:9-12

Altars:
Cheibriados
Elyvilon
Fedhas
Gozag
Makhleb
Okawaru
Qazlal
Sif Muna
Trog
Vehumet
Xom
Yredelemnul
Zin
The Shining One

Shops:
D:9 *

Annotations:
D:5 Charly's ghost, amateur NaNe
D:9 Grum


Innate Abilities, Weirdness & Mutations

You are resistant to damage.
You can recharge devices by infusing magical energy.
You passively map the area around you.
You do not regenerate naturally.
You possess an exceptional clarity of mind.
Your mind is acute. (Int +2)
You are frail (-10% HP).
Your muscles are strong. (Str +2)


Message History

The thorn hunter is moderately damaged.
The thorn hunter hits you but does no damage.
The thorn hunter closely misses you.
You closely miss the thorn hunter.
The thorn hunter is moderately damaged.
The briar patch crumbles away. x2
Unknown command.
You hit the thorn hunter but do no damage.
The thorn hunter is moderately damaged.
The briar patch crumbles away.
Unknown command.
You closely miss the thorn hunter.
The thorn hunter is moderately damaged.
The briar patch crumbles away.
The thorn hunter completely misses you.
The thorn hunter hits you but does no damage.
You hit the thorn hunter but do no damage.
The thorn hunter is moderately damaged.
The thorn hunter fires a volley of thorns at you.
The volley of thorns hits you!
You die...

≈ ≈ ,,≈ ♣......≈ ≈≈ ,
≈ ** ≈≈ ♣...≈≈..≈≈≈ ≈
* ,, , *♣....≈≈..≈≈.
* ≈≈ ♣.≈..≈≈≈..≈ ≈≈
♣.≈P≈≈≈...≈ * , ≈≈
,*, ♣≈≈P≈≈≈.≈. ≈
♣.≈≈§,,
..≈P≈≈≈.≈♣♣♣♣♣...≈≈
,,
.≈≈P≈≈≈....@≈≈.≈≈≈≈ ,
.≈≈P≈≈..≈≈≈f..≈≈≈≈≈ ,
* *
.≈≈≈≈≈..≈≈≈≈≈≈≈≈≈≈≈,
≈ ,
..≈≈≈≈....≈≈.≈≈≈≈≈≈.
,≈
♣.≈≈P≈≈............≈
♣≈≈≈P≈≈≈..♣♣≈......(
≈≈ ,≈ ≈
*≈≈≈≈P.≈≈..≈.≈≈....≈≈
≈ ≈
*.≈≈≈..≈≈≈≈♣..≈≈≈.≈..
≈
*≈...PP≈≈≈≈≈.♣PPP≈≈♣♣


You could see a thorn hunter.

Vanquished Creatures
  2 catoblepae (Lair:8)
  A hydra (Lair:8)
  A centaur warrior (D:13)
  16 death yaks
  An ice devil (IceCv)
  2 wolf spiders
  2 ugly things (D:11)
  A cyclops (D:11)
  A torpor snail (Lair:8)
  2 black mambas (Lair:4)
  5 spiny frogs
  3 gargoyles
  2 komodo dragons
  An efreet (D:13)
  8 blue devils (IceCv)
  4 fire drakes
  A troll (D:13)
  A two-headed ogre (D:12)
  A polar bear (Lair:8)
  5 blink frogs
  3 slime creatures (D:13)
  A shadow (D:13)
  A trapdoor spider (D:12)
  Sigmund (D:3)
  A deep elf mage (D:13)
  A basilisk (Lair:8)
  A hungry ghost (D:10)
  2 hippogriffs (Lair:4)
  6 water moccasins
  3 vampire mosquitoes (Lair:1)
  18 wolves
  36 yaks
  2 necrophages
  The ghost of Charly the Ruffian, an amateur VSTm (D:4)
  4 ice beasts
  6 porcupines
  2 orc warriors (D:10)
  An eye of draining (D:10)
  A phantom (D:13)
  3 ogres
  3 centaurs
  8 crocodiles
  A big kobold (D:8)
  10 giant frogs
  3 scorpions
  A wyvern skeleton (D:10)
  10 killer bees
  3 wights (D:8)
  An electric eel (Lair:8)
  2 hounds
  2 jellies
  A human zombie (Ossuary)
  3 orc priests
  3 centaur zombies
  3 centaur skeletons
  A giant frog skeleton (D:11)
  A hell rat (D:8)
  6 iguanas
  2 orc wizards
  8 worker ants
  8 sheep
  A big kobold zombie (Ossuary)
  2 mummies (Ossuary)
  A worker ant zombie (D:4)
  4 adders
  2 shadow imps
  9 river rats
  16 white imps
  12 ufetubi (IceCv)
  3 oozes (Lair:6)
  An adder zombie (Ossuary)
  3 worms
  A giant gecko (D:9)
  21 orcs
  A ball python (D:3)
  5 giant cockroaches
  3 goblins (D:1)
  6 hobgoblins
  2 jackals (D:8)
  3 kobolds
  A quokka (D:6)
  A bat (D:3)
  A giant gecko skeleton (D:5)
  A giant newt (D:3)
  11 hobgoblin zombies (Ossuary)
  A jackal zombie (Ossuary)
  13 kobold zombies (Ossuary)
  6 orc zombies (Ossuary)
  A quokka skeleton (D:4)
  24 rats
  3 fungi
  5 plants
398 creatures vanquished.

Vanquished Creatures (collateral kills)
  Maud (D:13)
  A catoblepas (Lair:8)
  2 dancing weapons (D:13)
  An insubstantial wisp (Lair:1)
  2 killer bees (D:11)
  A giant frog zombie (D:13)
8 creatures vanquished.

Vanquished Creatures (others)
  A white imp (IceCv)
  2 briar patches (Swamp:3)
  4 fungi
  A plant (D:8)
8 creatures vanquished.

Grand Total: 414 creatures vanquished

Notes
Turn   | Place    | Note
--------------------------------------------------------------
     0 | D:1      | Charly the Deep Dwarf Gladiator began the quest for the Orb.
     0 | D:1      | Reached XP level 1. HP: 19/19 MP: 1/1
    98 | D:1      | Reached XP level 2. HP: 26/26 MP: 2/2
   102 | D:1      | Reached skill level 4 in Axes
   179 | D:3      | Noticed Sigmund
   191 | D:3      | Killed Sigmund
   191 | D:3      | Reached skill level 6 in Axes
   191 | D:3      | Reached XP level 3. HP: 18/32 MP: 3/3
   191 | D:3      | Reached XP level 4. HP: 21/39 MP: 4/4
   191 | D:3      | Reached XP level 5. HP: 24/45 MP: 5/5
   293 | D:4      | Reached skill level 7 in Axes
   329 | D:4      | Found a stormy altar of Qazlal.
   337 | D:4      | Noticed Charly's ghost (amateur VSTm)
   353 | D:4      | Killed Charly's ghost
   353 | D:4      | Reached XP level 6. HP: 40/52 MP: 6/6
   357 | D:4      | Reached skill level 8 in Axes
   409 | D:5      | Entered Level 5 of the Dungeon
   409 | D:5      | Found a sand-covered staircase.
   413 | Ossuary  | Entered an ossuary
   470 | Ossuary  | Reached XP level 7. HP: 22/58 MP: 7/7
   487 | Ossuary  | Reached skill level 9 in Axes
   586 | D:5      | Noticed Charly's ghost (amateur NaNe)
   620 | D:6      | Found a staircase to the Ecumenical Temple.
   632 | Temple   | Entered the Ecumenical Temple
   658 | Temple   | Became a worshipper of Makhleb the Destroyer
   679 | D:6      | 13/6
   761 | D:7      | Reached skill level 10 in Axes
   786 | D:8      | Found a deep blue altar of Sif Muna.
   879 | D:9      | 15/6
   900 | D:9      | Reached skill level 1 in Armour
   900 | D:9      | Reached XP level 8. HP: 17/68 MP: 8/8
   914 | D:9      | Noticed a centaur skeleton
   928 | D:9      | Killed a centaur skeleton
   969 | D:9      | Noticed Grum
   985 | D:9      | Reached skill level 11 in Axes
   988 | D:9      | 16/7
   991 | D:9      | Noticed a cyclops
   998 | D:10     | Entered Level 10 of the Dungeon
  1004 | D:10     | Reached * piety under Makhleb
  1046 | D:10     | 1R(3)
  1075 | D:10     | Gained mutation: You passively map the area around you. [Deep Dwarf growth]
  1075 | D:10     | Reached XP level 9. HP: 46/78 MP: 8/8
  1282 | D:12     | Noticed a six-headed hydra
  1302 | D:11     | Reached skill level 12 in Axes
  1329 | D:11     | Noticed a purple ugly thing
  1333 | D:11     | 2R(2)
  1354 | D:11     | Killed a purple ugly thing
  1354 | D:11     | Reached skill level 5 in Armour
  1358 | D:11     | Gained mutation: You possess an exceptional clarity of mind. [mutagenic meat]
  1359 | D:11     | Gained mutation: You occasionally shout uncontrollably at your foes. [mutagenic meat]
  1360 | D:11     | Gained mutation: Your body sometimes deteriorates upon taking damage. [mutagenic meat]
  1361 | D:11     | Gained mutation: You are occasionally teleported next to monsters. [mutagenic meat]
  1364 | D:11     | Noticed a cyclops
  1401 | D:11     | 3r(3)
  1409 | D:11     | Killed a cyclops
  1409 | D:11     | Reached skill level 5 in Fighting
  1412 | D:11     | 18/8
  1431 | D:11     | Noticed a green ugly thing
  1489 | D:12     | Reached ** piety under Makhleb
  1541 | D:12     | Noticed a skeletal warrior
  1541 | D:12     | Noticed a skeletal warrior
  1547 | D:12     | Noticed a skeletal warrior
  1583 | D:13     | Reached XP level 10. HP: 48/88 MP: 7/7
  1601 | D:13     | Noticed a gargoyle
  1605 | D:13     | 4r(4)
  1614 | D:13     | Killed a gargoyle
  1614 | D:13     | Reached skill level 5 in Dodging
  1632 | D:13     | Noticed a gargoyle
  1686 | D:13     | Reached skill level 13 in Axes
  1707 | D:13     | Killed a gargoyle
  1713 | D:13     | Noticed a centaur zombie
  1737 | D:13     | Killed a centaur zombie
  1829 | D:13     | Noticed a centaur warrior
  1860 | D:13     | Killed a centaur warrior
  1860 | D:13     | Reached skill level 14 in Axes
  1861 | D:13     | Reached *** piety under Makhleb
  1862 | D:13     | exe
  1889 | D:13     | Found a gate to the Vaults.
  1889 | D:13     | Noticed an enchanted long sword
  1889 | D:13     | Noticed an enchanted long sword
  1893 | D:13     | Noticed an efreet
  1896 | D:13     | Killed an enchanted long sword
  1896 | D:13     | Reached XP level 11. HP: 50/97 MP: 5/7
  1897 | D:13     | Noticed Maud
  1904 | D:13     | Killed an enchanted long sword
  1908 | D:13     | Noticed a centaur skeleton
  1917 | D:13     | Killed an efreet
  1917 | D:13     | Reached skill level 5 in Invocations
  1918 | D:13     | Killed Maud
  1919 | D:13     | Killed a centaur skeleton
  2100 | D:11     | 23/9
  2186 | D:11     | Killed a green ugly thing
  2246 | D:11     | Noticed a gargoyle
  2260 | D:11     | Killed a gargoyle
  2260 | D:11     | Reached skill level 15 in Axes
  2345 | D:9      | Found Zin's Purification Station.
  2347 | D:9      | Found a glowing silver altar of Zin.
  2413 | D:8      | Reached **** piety under Makhleb
  2511 | D:8      | Found a staircase to the Lair.
  2512 | D:8      | Noticed a komodo dragon
  2529 | D:8      | Killed a komodo dragon
  2534 | Lair:1   | Entered Level 1 of the Lair of Beasts
  2606 | Lair:1   | You fall through a shaft!
  2727 | Lair:3   | Reached skill level 16 in Axes
  2813 | Lair:3   | Reached ***** piety under Makhleb
  2852 | Lair:4   | Found a hole to the Spider Nest.
  2961 | Lair:6   | Reached XP level 12. HP: 61/105 MP: 9/9
  2995 | Lair:6   | Found a frozen archway.
  2998 | Lair:6   | Noticed a death yak
  2998 | Lair:6   | Noticed a death yak
  3001 | Lair:6   | Noticed a death yak
  3002 | Lair:6   | Noticed a death yak
  3003 | Lair:6   | Noticed a death yak
  3005 | Lair:6   | Noticed a death yak
  3008 | Lair:6   | Killed a death yak
  3033 | Lair:6   | Reached skill level 17 in Axes
  3045 | Lair:6   | Gained mutation: You are agile. (Dex +2) [potion of mutation]
  3045 | Lair:6   | Gained mutation: You are partially covered in large bone plates (AC +2, SH +2). [potion of mutation]
  3046 | Lair:6   | Gained mutation: You are frail (-10% HP). [potion of mutation]
  3047 | Lair:6   | Charly: gg
  3047 | Lair:6   | Lost mutation: Your body sometimes deteriorates upon taking damage. [potion of cure mutation]
  3047 | Lair:6   | Lost mutation: You are partially covered in large bone plates (AC +2, SH +2). [potion of cure mutation]
  3047 | Lair:6   | Lost mutation: You are occasionally teleported next to monsters. [potion of cure mutation]
  3047 | Lair:6   | Lost mutation: You occasionally shout uncontrollably at your foes. [potion of cure mutation]
  3047 | Lair:6   | Lost mutation: You are agile. (Dex +2) [potion of cure mutation]
  3048 | Lair:6   | Charly: ehabhvadbvbd
  3048 | Lair:6   | Charly: motherfucker
  3048 | Lair:6   | incide: Xom roars with laughter!
  3048 | Lair:6   | Charly: frail
  3048 | Lair:6   | Gained mutation: Your mind is acute. (Int +2) [potion of beneficial mutation]
  3084 | IceCv    | Entered an ice cave
  3263 | IceCv    | Got a smoking demon whip
  3264 | IceCv    | Identified the +8 demon whip of Disarray {pain, rElec rC+} (You found it in an ice cave)
  3296 | IceCv    | 24/9
  3296 | IceCv    | +2exe freez
  3310 | Lair:6   | SLIME L6!!!!!!!!!!!!!!!!!!!!!!!!!!!!!!!!!!!!!!!!!!!!!!!!!!!!!!!!!!!!!!!!!!!!!!!!!!!!!!!!!
  3323 | Lair:6   | Killed a death yak
  3328 | Lair:6   | Killed a death yak
  3328 | Lair:6   | Reached skill level 18 in Axes
  3333 | Lair:6   | Killed a death yak
  3336 | Lair:6   | Killed a death yak
  3343 | Lair:6   | Killed a death yak
  3438 | Lair:8   | Entered Level 8 of the Lair of Beasts
  3494 | Lair:8   | Reached ****** piety under Makhleb
  3527 | Lair:8   | Noticed a five-headed hydra
  3551 | Lair:8   | Killed a five-headed hydra
  3551 | Lair:8   | Reached skill level 19 in Axes
  3581 | Lair:8   | Reached XP level 13. HP: 68/99 MP: 9/9
  3601 | Lair:8   | Noticed a catoblepas
  3607 | Lair:8   | Killed a catoblepas
  3675 | Lair:8   | Noticed a catoblepas
  3691 | Lair:8   | Killed a catoblepas
  3691 | Lair:8   | Reached skill level 20 in Axes
  3730 | Lair:8   | Noticed a catoblepas
  3744 | Lair:8   | Killed a catoblepas
  3758 | Lair:8   | Got an ivory battleaxe
  3759 | Lair:8   | Identified the +8 battleaxe "Hurawoosch" {pain, MP+9 Str+2 Int+5} (You found it on level 8 of the Lair of Beasts)
  3871 | Lair:8   | Identified a scroll of acquirement
  3872 | Lair:8   | Got a pair of fine boots
  3878 | Lair:8   | Identified the +0 pair of boots "Igun" {Str+4 Dex+3} (You acquired it on level 8 of the Lair of Beasts)
  3878 | Lair:8   | incide: noice
  3878 | Lair:8   | 25/11
  3878 | Lair:8   | Charly: I die anyway
  3882 | Lair:8   | incide: ye
  3911 | Lair:5   | incide: too much heal wounds spam instead of softening stuff up with evocables before going tab
  3911 | Lair:4   | incide: imo
  3911 | Lair:6   | incide: but yeah 25/11 is difficult
  3911 | Lair:6   | Charly: I meant no pois res
  3911 | Lair:6   | Charly: 25/11 is perfectly fine
  3911 | Lair:6   | Charly: evos spam s a waste without training
  3924 | Lair:5   | incide: yeah but overusing hw is even more of a waste :)
  3964 | Spider:1 | Entered Level 1 of the Spider Nest
  3998 | Lair:4   | Charly: undoable
  4001 | Lair:4   | incide: maybe finish D:? there's a bit less poison there
  4021 | Lair:4   | Charly: dude
  4021 | Lair:4   | Charly: that is a speedrun
  4021 | Lair:4   | incide: ah
  4021 | Lair:4   | incide: shit
  4021 | Lair:4   | incide: only just noticed
  4146 | Lair:3   | xeno23: but DD dont need rpois
  4158 | Lair:3   | You fall through a shaft!
  4159 | Lair:4   | Charly: Ill go Spider soon
  4159 | Lair:4   | Charly: cuz cant find 2nd branch
  4159 | Lair:4   | Charly: you ll see it needs rpois
  4159 | Lair:4   | Charly: just like any other species
  4159 | Lair:4   | xeno23: hmm well on redbacks maybe
  4230 | Lair:4   | incide: swamp up
  4232 | Lair:4   | incide: there's mist
  4232 | Lair:4   | Charly: :)
  4232 | Lair:4   | Charly: thanks
  4278 | Lair:4   | Gained mutation: Your muscles are strong. (Str +2) [potion of beneficial mutation]
  4311 | Lair:4   | Found a staircase to the Swamp.
  4321 | Lair:4   | Reached skill level 1 in Evocations
  4341 | Swamp:1  | Entered Level 1 of the Swamp
  4342 | Swamp:1  | incide: still no rpois tho
  4342 | Swamp:1  | incide: at least you have relec vs nikola
  4348 | Swamp:1  | You fall through a shaft!
  4371 | Swamp:3  | Noticed a thorn hunter
  4393 | Swamp:3  | Killed from afar by a thorn hunter

Action                   |  1- 3 |  4- 6 |  7- 9 | 10-12 | 13-15 || total
-------------------------+-------+-------+-------+-------+-------++-------
Melee: War axe           |    30 |    84 |   306 |   106 |       ||   526
       Executioner's axe |       |       |       |   570 |   179 ||   749
       Morningstar       |       |       |       |     8 |       ||     8
       Demon whip        |       |       |       |     9 |       ||     9
Throw: Throwing net      |     2 |     1 |     4 |     3 |       ||    10
Invok: Lesser Servant of |       |       |       |     6 |       ||     6
 Abil: Device Recharging |       |       |     3 |     5 |     2 ||    10
       Evoke Flight      |       |       |       |     1 |       ||     1
       Evoke Teleportati |       |       |       |       |     1 ||     1
Evoke: Wand              |       |     1 |    12 |    25 |    13 ||    51
       Lamp of fire      |       |       |       |       |     1 ||     1
  Use: Scroll            |       |     4 |     7 |    21 |     4 ||    36
       Potion            |       |       |       |    10 |     1 ||    11
 Stab: Held in net/web   |     1 |     1 |     5 |     3 |       ||    10
       Distracted        |       |       |       |     2 |       ||     2
       Petrified         |       |       |       |       |     2 ||     2
  Eat: Fruit             |       |       |     2 |       |       ||     2
       Beef jerky        |       |       |     5 |     2 |       ||     7
       Chunk             |       |       |     4 |       |       ||     4
       Bread ration      |       |       |     2 |       |       ||     2
       Pizza             |       |       |     1 |     1 |       ||     2
